 Dungeon Crawl Stone Soup version 0.27-a0-836-gfc908b8576 (webtiles) character file.

Game seed: 4681071811667660320

4858 spiderkeys the Quickloader (level 10, -3/80 HPs)
             Began as a Human Wanderer on Apr 1, 2021.
             Was an Elder of Okawaru.
             Engulfed by a fire crab's flame (12 damage)
             ... on level 8 of the Dungeon.
             The game lasted 00:21:01 (10095 turns).

spiderkeys the Quickloader (Human Wanderer)        Turns: 10095, Time: 00:21:01

Health: -3/80      AC:  7    Str: 14    XL:     10   Next: 78%
Magic:  10/10      EV: 16    Int: 21    God:    Okawaru [****..]
Gold:   314        SH:  0    Dex: 22    Spells: 9/9 levels left

rFire    . . .     SeeInvis .   a - +3 hand crossbow (freeze)
rCold    . . .     Faith    .   (no shield)
rNeg     . . .     Spirit   .   y - +1 leather armour "Rurronigg" {*Drain +Inv Int+4}
rPois    .         Reflect  .   e - +2 helmet
rElec    .         Harm     .   (no cloak)
rCorr    .         Rampage  .   (no gloves)
Will     .....                  (no boots)
Stlth    +++.......             (no amulet)
HPRegen  0.23/turn              u - +6 ring of dexterity
MPRegen  0.12/turn              r - +6 ring of intelligence

@: no status effects
A: no striking features
a: Renounce Religion, Evoke Invisibility, Heroism


You were on level 8 of the Dungeon.
You worshipped Okawaru.
Okawaru was greatly pleased with you.
You visited 2 branches of the dungeon, and saw 10 of its levels.

You collected 314 gold pieces.

Inventory:

Hand Weapons
 a - a +3 hand crossbow of freezing (weapon)
 j - a +2 short sword of protection
Missiles
 b - 56 bolts (quivered ammo)
Armour
 e - a +2 helmet (worn)
 i - a +1 leather armour of fire resistance
 y - the +1 leather armour "Rurronigg" (worn) {*Drain +Inv Int+4}
   (You found it on level 6 of the Dungeon)

   It affects your intelligence (+4).
   It lets you turn invisible.
   It drains your maximum health when unequipped.
Jewellery
 o - an amulet of magic regeneration
 r - a +6 ring of intelligence (right hand)
 u - a +6 ring of dexterity (left hand)
 B - a ring of wizardry
Wands
 g - a wand of flame (15)
 A - a wand of random effects (7)
Scrolls
 k - a scroll of magic mapping
 l - 2 scrolls of teleportation
 p - 2 scrolls of fog
 s - a scroll of amnesia
 t - a scroll of fear
 x - a scroll of vulnerability {unknown}
 C - 2 scrolls of identify
Potions
 c - 2 potions of lignification
 d - 2 potions of curing
 f - 2 potions of magic
 h - a potion of haste
 m - 3 potions of flight
 n - a potion of might
 v - a potion of attraction
 w - a potion of berserk rage
 z - a potion of mutation


   Skills:
 + Level 7.9 Fighting
 - Level 1.0 Short Blades
 * Level 9.6 Crossbows
 - Level 1.0 Throwing
 - Level 3.7 Armour
 + Level 6.5 Dodging
 - Level 3.1 Stealth
 - Level 1.0 Shields
 + Level 1.1 Invocations
 + Level 5.2 Evocations


You had 9 spell levels left.
You didn't know any spells.
Your spell library contained the following spells:

 Spells                   Type           Power      Damage    Failure   Level
 Magic Dart               Conj           0%         1d3       22%         1
 Blink                    Tloc           N/A        N/A       32%         2
 Call Imp                 Summ           0%         N/A       32%         2
 Slow                     Hex            0%         N/A       32%         2
 Conjure Flame            Conj/Fire      0%         6-21      54%         3
 Mephitic Cloud           Conj/Pois/Air  0%         N/A       54%         3
 Animate Dead             Necr           0%         N/A       91%         4
 Borgnjor's Vile Clutch   Necr/Erth      0%         N/A       99%         5
 Death Channel            Necr           0%         N/A       100%        6
 Simulacrum               Ice/Necr       0%         N/A       100%        6


Dungeon Overview and Level Annotations

Branches:
Dungeon (9/15)             Temple (1/1) D:4
   Lair: D:8-11         Orc: D:9-12

Altars:
Ashenzari
Cheibriados
Dithmenos
Fedhas
Gozag
Hepliaklqana
Kikubaaqudgha
Makhleb
Nemelex Xobeh
Okawaru
Qazlal
Ru
Sif Muna
Trog
Uskayaw
Vehumet
Wu Jian
Xom
Yredelemnul
Zin
The Shining One

Annotations:
D:5 2 transporters, Dvallin's ghost, novice DjGl


Message History

The yaktaur captain shoots a bolt.
The bolt hits you!!
You see here 25 stones.
There is a stone staircase leading up, spattered with blood here.
You climb upwards.
There is a stone staircase leading down here.
You start resting.
HP restored.
You climb downwards.
There is a stone staircase leading up, spattered with blood here.
The yaktaur captain shoots a bolt.
The bolt hits you!!
You shoot a bolt. The bolt hits the fire crab.
The bolt freezes the fire crab.
The fire crab is lightly wounded.
You shoot a bolt. The bolt barely misses the fire crab.
The bolt hits the yaktaur captain but does no damage.
You shoot a bolt. The bolt hits the fire crab!
The bolt freezes the fire crab.
The fire crab is heavily wounded.
The fire crab breathes flames at you.
The blast of flame engulfs you but does no damage.
You are engulfed in blazing flames.
You are engulfed in blazing flames.
* * * LOW HITPOINT WARNING * * *
You feel much better. The fire crab breathes flames at you.
The blast of flame engulfs you.
You are engulfed in blazing flames.
* * * LOW HITPOINT WARNING * * *
The fire crab breathes flames at you. The blast of flame engulfs you.
* * * LOW HITPOINT WARNING * * *
The yaktaur captain is engulfed in blazing flames.
You feel much better.
You are engulfed in blazing flames.
* * * LOW HITPOINT WARNING * * *
Okay, then.
The fire crab breathes flames at you.
The blast of flame engulfs you but does no damage.
You are engulfed in blazing flames.
* * * LOW HITPOINT WARNING * * *
There is a stone staircase leading up here.
You are engulfed in blazing flames.
You die...

.⌠#...# ##.## #.....# ..#.#.#
####.######..... .⌠#.#.#
#........###.### ###.#.#
#.#..###.# #.# #...# #.#.## #.#
#.# .##...# #.#.####.###'##
##..#.##### ###........##...##
#...#.<...# #°°......###.....#
((..#.###.# #@##..##.##.......
#.##(..##.######○#...##.#.>......
'..[..(...(.ct°°°°○.#...'........
####...##.##.###°#...##.#........
##.###.##°# #.##.###.##.......
#...#.##°# #........###.....#
#.....##.# ####.##### ##...##
#...####.# #.# ##+## #..## #.#
#.###### #.#


There were no monsters in sight!

Vanquished Creatures
  An ugly thing (D:8)
  Pikel (D:6)
  A cyclops (D:7)
  6 yaks (D:8)
  A wyvern (D:8)
  A water moccasin (D:8)
  An orc warrior (D:8)
  4 black bears
  An ogre (D:4)
  2 necrophages
  A phantom (D:6)
  A lemure (D:6)
  2 kobold brigands
  3 bullfrogs
  2 scorpions
  A water moccasin skeleton (D:4)
  4 killer bees (D:8)
  2 howler monkeys
  3 centaur zombies
  3 orc priests
  4 bullfrog zombies
  A centaur skeleton (D:7)
  2 hounds
  2 jellies
  5 orc wizards
  2 iguanas
  A howler monkey zombie (D:6)
  Robin (D:3)
  6 gnolls
  5 adders
  A shadow imp (D:7)
  2 white imps
  An ufetubus (D:6)
  3 adder skeletons (D:4)
  2 worms
  3 dart slugs
  22 orcs
  13 ball pythons
  10 endoplasms
  3 giant cockroaches
  15 goblins
  7 hobgoblins
  2 jackals (D:5)
  17 kobolds
  6 quokkas
  9 bats
  5 frilled lizards
  4 rats
195 creatures vanquished.

Vanquished Creatures (others)
  3 fungi (D:5)
  7 plants (D:5)
10 creatures vanquished.

Grand Total: 205 creatures vanquished

Notes
Turn   | Place    | Note
-------+----------+-------------------------------------------
     0 | D:1      | spiderkeys the Human Wanderer began the quest for the Orb.
     0 | D:1      | spiderkeys set off with the following items: a +2 hand
                  | crossbow, 24 bolts, a potion of lignification, a potion of
                  | curing, a +0 robe
     0 | D:1      | Reached XP level 1. HP: 19/19 MP: 1/1
    65 | D:1      | Reached XP level 2. HP: 25/25 MP: 2/2
   305 | D:1      | Reached XP level 3. HP: 30/30 MP: 3/3
   403 | D:1      | Reached skill level 2 in Crossbows
   518 | D:1      | Reached skill level 1 in Dodging
   869 | D:2      | Reached XP level 4. HP: 25/38 MP: 4/4
  1191 | D:2      | Reached XP level 5. HP: 43/43 MP: 5/5
  1277 | D:2      | Reached skill level 3 in Crossbows
  2136 | D:3      | Noticed Robin
  2456 | D:3      | Killed Robin
  2457 | D:3      | Reached XP level 6. HP: 49/49 MP: 6/6
  2535 | D:3      | Reached skill level 1 in Short Blades
  2606 | D:3      | Found a shadowy altar of Dithmenos.
  2610 | D:3      | Found an ornate altar of the Wu Jian Council.
  2618 | D:3      | Found a hazy altar of Hepliaklqana.
  2622 | D:3      | Found a radiant altar of Vehumet.
  2918 | D:4      | Reached skill level 1 in Stealth
  3052 | D:4      | Reached skill level 4 in Crossbows
  3146 | D:4      | Reached skill level 5 in Fighting
  3146 | D:4      | Reached XP level 7. HP: 53/56 MP: 7/7
  3282 | D:4      | Found a staircase to the Ecumenical Temple.
  3330 | Temple   | Entered the Ecumenical Temple
  3378 | Temple   | Became a worshipper of Warmaster Okawaru
  3988 | D:5      | Entered Level 5 of the Dungeon
  4101 | D:5      | Found a transporter.
  4106 | D:5      | Found a transporter.
  4107 | D:5      | Noticed Dvallin's ghost (novice DjGl)
  4277 | D:5      | Found a blossoming altar of Fedhas.
  4432 | D:5      | Reached skill level 5 in Crossbows
  4621 | D:5      | Reached XP level 8. HP: 62/62 MP: 8/8
  4861 | D:6      | Noticed Pikel
  5208 | D:6      | Identified the +1 leather armour "Rurronigg" {*Drain +Inv
                  | Int+4}
  5259 | D:6      | Found a shimmering altar of Xom.
  5310 | D:6      | Killed Pikel
  5310 | D:6      | Reached * piety under Okawaru
  5311 | D:6      | Reached skill level 6 in Crossbows
  5311 | D:6      | Reached XP level 9. HP: 45/69 MP: 9/9
  5434 | D:6      | Found a hide-covered altar of Uskayaw.
  5649 | D:6      | Reached ** piety under Okawaru
  5650 | D:6      | Reached skill level 7 in Crossbows
  5793 | D:6      | Found a basalt altar of Yredelemnul.
  6368 | D:7      | Noticed a cyclops
  6375 | D:7      | Killed a cyclops
  6376 | D:7      | Reached skill level 5 in Dodging
  6691 | D:7      | You fall into a shaft and drop 2 floors!
  6720 | D:8      | Reached *** piety under Okawaru
  6721 | D:8      | Reached skill level 8 in Crossbows
  6807 | D:8      | Reached XP level 10. HP: 27/79 MP: 10/10
  7964 | D:8      | Found a burning altar of Makhleb.
  7964 | D:8      | Found a shadowy altar of Dithmenos.
  7964 | D:8      | Noticed a brown ugly thing
  8510 | D:8      | Found a bloodstained altar of Trog.
  8720 | D:8      | Reached skill level 9 in Crossbows
  8737 | D:8      | Reached **** piety under Okawaru
  8738 | D:8      | Reached skill level 5 in Evocations
  9533 | D:8      | Killed a brown ugly thing
  9533 | D:8      | Received a gift from Okawaru
  9534 | D:8      | Reached skill level 1 in Invocations
  9663 | D:8      | Noticed a yaktaur captain
  9669 | D:8      | Noticed a fire crab
 10095 | D:8      | Engulfed by a fire crab's flame

Illustrated notes

Levels and vault maps discovered:
D:1:      ncdulo_halloftheorcs, layout_basic
D:2:      layout_basic
D:3:      layout_rooms, minitemple, uniq_robin
D:4:      layout_loops_corners, minmay_temple_entry_mini_moons
D:5:      layout_loops_cross, fedhas_altar_3, gammafunk_ghost_hive,
          roderic_lattice_a
D:6:      layout_gridville, xom_butterflies, kennysheep_mini,
          nicolae_uskayaw_dance_studio, kennysheep_nondescript, uniq_pikel
D:7:      layout_basic, minmay_starry_boxes
D:8:      layout_loops_corners, trog_ov_bears_minmay, nicolae_two_hexagons,
          jmf_multi_god_temple
D:9:      layout_rooms, elyvilon_altar_4, david_orc_3, chequers_garden,
          uniq_erolcha, uniq_grum
Temple:   nicolae_temple_hex_pool

Skill      XL: |  1  2  3  4  5  6  7  8  9 10 |
---------------+-------------------------------+-----
Crossbows      | 2 3 4 5 6 8 9 |  9.6
Dodging        | 1 2 3 4 5 6 |  6.5
Short Blades   | 1 |  1.0
Stealth        | 1 2 3 |  3.1
Fighting       | 5 6 7 |  7.9
Evocations     | 2 4 5 |  5.2
Invocations    | 1 |  1.1
Throwing       | |  1.0
Armour         | |  3.7
Shields        | |  1.0

Action                   |  1- 3 |  4- 6 |  7- 9 | 10-12 || total
-------------------------+-------+-------+-------+-------++-------
 Fire: Hand crossbow     |    54 |   151 |   190 |   146 ||   541
Evoke: Wand              |       |       |       |    14 ||    14
  Use: Scroll            |       |     9 |    10 |     1 ||    20
       Potion            |       |     1 |     1 |     3 ||     5
Armor: Leather armour    |     2 |    18 |    15 |     8 ||    43
Dodge: Dodged            |    18 |    35 |    64 |    34 ||   151

Table legend: (Time is in decaauts)
 A = Elapsed time spent in this place.
 B = Non-inter-level travel time spent in this place.
 C = Inter-level travel time spent in this place.
 D = Time resting spent in this place.
 E = Time spent auto-exploring this place.
 F = Levels seen in this place.
 G = Mean time per level.
                   A        B        C        D        E       F      G
               +--------+--------+--------+--------+--------+-----+--------+
         Total |  10216 |   9832 |    384 |   1314 |   6979 |  10 | 1021.6 |
       Dungeon |  10143 |   9771 |    372 |   1314 |   6964 |   9 | 1127.0 |
        Temple |     73 |     61 |     12 |      0 |     15 |   1 |   73.0 |
               +--------+--------+--------+--------+--------+-----+--------+

Top non-repeatable levels by time:
     D:8: 2032 daAuts
     D:7: 1864 daAuts
     D:6: 1194 daAuts
     D:4: 1189 daAuts
     D:5: 1039 daAuts
     D:2: 977 daAuts
     D:3: 967 daAuts
     D:1: 860 daAuts
  Temple: 73 daAuts
     D:9: 18 daAuts
